 Dungeon Crawl Stone Soup version 0.31-a0-662-g684573625c (webtiles) character file.

Game seed: 7239638797701031234

30 Dordric the Changeling (level 3, -6/23 HPs)
             Began as an Octopode Shapeshifter on Aug 31, 2023.
             Mangled by a gnoll
             ... wielding a +0 whip
              (10 damage)
             ... on level 1 of the Dungeon.
             The game lasted 00:01:35 (922 turns).

Dordric the Changeling (Octopode Shapeshifter)       Turns: 922, Time: 00:01:35

Health: -6/23      AC:  1    Str: 13    XL:     3   Next: 20%
Magic:  3/3        EV: 13    Int: 12    God:
Gold:   51         SH:  0    Dex: 13    Spells: 2/2 levels left

rFire   . . .        p - +0 whip (elec)
rCold   . . .        (no shield)
rNeg    . . .        (helmet currently unavailable)
rPois   .            (no amulet)
rElec   .            (no ring)
rCorr   .            (no ring)
SInv    .            (no ring)
Will    .....        (no ring)
Stlth   ++           (no ring)
HPRegen 0.23/turn    (no ring)
MPRegen 0.08/turn    (no ring)
                     (no ring)

%: no passive effects
@: beast-form
A: beast (slay +2), almost no armour, amphibious, 8 rings, camouflage 1,
gelatinous body 1, (nimble swimmer 1), tentacles
a: Begin Untransformation


You were on level 1 of the Dungeon.
You were a hulking beast.
You visited 1 branch of the dungeon, and saw 2 of its levels.

You collected 51 gold pieces.

Inventory:

Hand Weapons
 p - a +0 whip of electrocution (weapon)
Talismans
 b - a beast talisman (active)
 c - a flux talisman
 q - a maw talisman
Scrolls
 d - a scroll of identify {unknown}
 f - a scroll of noise {unknown}
 h - a scroll of revelation {unknown}
 i - a scroll of silence {unknown}
 j - a scroll of teleportation {unknown}
 k - a scroll of immolation {unknown}
Potions
 a - a potion of lignification
 e - a potion of cancellation {unknown}
 g - 3 potions of degeneration {unknown}
 l - 3 potions of curing {unknown}
 m - a potion of ambrosia {unknown}
 n - 2 potions of attraction {unknown}
 o - a potion of invisibility {unknown}


   Skills:
 - Level 1.0 Fighting
 - Level 2.0 Dodging
 - Level 3.0 Unarmed Combat
 + Level 4.1 Shapeshifting


You had 2 spell levels left.
You didn't know any spells.
Your spell library contained the following spells:

 Spells                   Type           Power      Damage    Failure   Level
 Inner Flame              Hex/Fire       0%         N/A       69%         3
 Ozocubu's Armour         Ice            0%         N/A       69%         3
 Metabolic Englaciation   Hex/Ice        0%         N/A       100%        5
 Yara's Violent Unravell  Hex/Tmut       0%         3d3       100%        5
 Simulacrum               Ice/Necr       0%         N/A       100%        6
 Enfeeble                 Hex            0%         N/A       100%        7


Dungeon Overview and Level Annotations

Branches:
Dungeon (2/15)

Altars:


Innate Abilities, Weirdness & Mutations

You are a hulking beast.
Your limbs bulge with bestial killing power. (Slay +2)
You cannot wear most types of armour.
You are amphibious.
You can wear up to eight rings at the same time.
Your skin changes colour to match your surroundings (Stealth+).
Your rubbery body absorbs attacks. (AC +1, EV +1)
((You are camouflaged when in or above water. (Stealth+)))
You have tentacles for arms and can constrict up to eight enemies at once.


Message History

You constrict the toadstool.
You destroy the toadstool!
There is a shaft here.
Partly explored, can't reach some places.
Partly explored, can't reach some places.
Partly explored, can't reach some places.
Partly explored, can't reach some places.
Partly explored, can't reach some places.
You see here 5 boomerangs.
There is a stone staircase leading down here.
You climb downwards.
The gnoll shouts! x2; You hear a shout!
Found five items.
There is a stone staircase leading up here.
There are monsters nearby!
There are monsters nearby!
There are monsters nearby!
A gnoll comes into view. It is wielding a +0 spear.
The ball python hisses angrily.
The ball python barely misses you. The ball python grabs you.
You stop ascending the stairs.
The ball python constricts you. The gnoll closely misses you.
You whack the ball python!
You kill the ball python!
The gnoll closely misses you. The gnoll barely misses you. x2
The gnoll closely misses you. The gnoll hits you with a +0 whip.
The gnoll hits you from afar with a +0 spear!
You climb upwards.
There is a stone staircase leading down here.
You are too injured to fight recklessly!
You hit the gnoll. You grab the gnoll. You squeeze the gnoll.
The gnoll is severely wounded.
You constrict the gnoll. The gnoll hits you with a +0 whip.
* * * LOW HITPOINT WARNING * * *
The gnoll barely misses you.
You hit the gnoll.
The gnoll is almost dead.
You constrict the gnoll, but do no damage.
The gnoll hits you with a +0 whip!
You die...

#.#####.#### #.#
#[##.. #.# #.##..
#.# #.##.. ####.#
#.##.. #....#
###.####
###.######......#
####g...............
#..h................
#...g..######..###.#
#......# #.........#
#......###.####.#..#
#..................#
###.######.###....##
#.######.##......(
#........##..#####
###########..#####


You could see 2 gnolls.

Vanquished Creatures
  3 endoplasms (D:1)
  3 goblins (D:1)
  4 hobgoblins (D:1)
  4 jackals (D:1)
  A quokka (D:1)
  A ball python (D:2)
  3 bats (D:1)
  3 frilled lizards (D:1)
  4 kobolds (D:1)
26 creatures vanquished.

Notes
Turn   | Place    | Note
-------+----------+-------------------------------------------
     0 | D:1      | Dordric the Octopode Shapeshifter began the quest for the
                  | Orb.
     0 | D:1      | Reached XP level 1. HP: 13/13 MP: 1/1
   133 | D:1      | Reached XP level 2. HP: 18/18 MP: 2/2
   567 | D:1      | Reached XP level 3. HP: 23/23 MP: 3/3
   623 | D:1      | Reached skill level 4 in Shapeshifting
   922 | D:1      | Mangled by a gnoll

Illustrated notes

Levels and vault maps discovered:
D:1:      nagdon_arrival_zigzag_paths, layout_basic, minmay_unequal
D:2:      layout_basic, basic_ecumenical_altar

Skill      XL: |  1  2  3 |
---------------+----------+-----
Shapeshifting  | 4 |  4.1
Fighting       | |  1.0
Dodging        | |  2.0
Unarmed Combat | |  3.0

Action                     || total
---------------------------++-------
  Melee: Unarmed           ||    40
         Constrict         ||    11
         Tentacles         ||     6
         Whip              ||    10
   Stab: Distracted        ||     1
         Sleeping          ||     4
 Armour: Skin              ||    26
  Dodge: Dodged            ||    26

Table legend: (Time is in decaauts)
 A = Elapsed time spent in this place.
 B = Non-inter-level travel time spent in this place.
 C = Inter-level travel time spent in this place.
 D = Time resting spent in this place.
 E = Time spent auto-exploring this place.
 F = Levels seen in this place.
 G = Mean time per level.
                   A        B        C        D        E       F      G
               +--------+--------+--------+--------+--------+-----+--------+
         Total |    920 |    891 |     29 |      0 |    650 |   2 |  460.0 |
       Dungeon |    920 |    891 |     29 |      0 |    650 |   2 |  460.0 |
               +--------+--------+--------+--------+--------+-----+--------+

Top non-repeatable levels by time:
     D:1: 911 daAuts
     D:2: 8 daAuts
